 Dungeon Crawl Stone Soup version 0.29.1 (webtiles) character file.

Game seed: 5817164487504533576

753 groovy9 the Grappler (level 7, -1/66 HPs)
             Began as a Troll Fighter on Sept 12, 2022.
             Slain by Prince Ribbit (10 damage)
             ... on level 4 of the Dungeon.
             The game lasted 00:10:35 (2857 turns).

groovy9 the Grappler (Troll Fighter)                Turns: 2857, Time: 00:10:36

Health: -1/66      AC:  5    Str: 25    XL:     7   Next: 49%
Magic:  15/15      EV:  8    Int:  6    God:
Gold:   285        SH:  7    Dex:  9    Spells: 6/6 levels left

rFire   + . .      SeeInvis .     - Unarmed
rCold   + . .      Faith    .   b - +0 kite shield
rNeg    + . .      Spirit   .   k - +1 robe {rF+}
rPois   .          Reflect  .   (helmet restricted)
rElec   .          Harm     .   o - scarf {repulsion}
rCorr   .          Rampage  .   (gloves unavailable)
Will    +....                   (boots unavailable)
Stlth   +.........              (no amulet)
HPRegen 1.01/turn               h - ring of protection from cold
MPRegen 0.14/turn               q - ring "Linuyha" {rN+ Will+ MP+9}

@: mighty, repel missiles
A: large, unfitting armour, claws 3, regeneration 1, shaggy fur 1, tough skin 1
a: no special abilities


You were on level 4 of the Dungeon.
You visited 1 branch of the dungeon, and saw 5 of its levels.

You collected 285 gold pieces.

Inventory:

Armour
 b - a +0 kite shield (worn)
 k - a +1 robe of fire resistance (worn)
 o - a scarf of repulsion (worn)
Jewellery
 h - a ring of protection from cold (left claw)
 l - a ring of flight
 q - the ring "Linuyha" (right claw) {rN+ Will+ MP+9}
   (You found it on level 4 of the Dungeon)

   [ring of magical power]

   rN:        It protects you from negative energy.
   MP:        It affects your magic capacity (+9).
   Will:      It increases your willpower.
Scrolls
 a - a scroll of blinking
 g - a scroll of noise
 i - a scroll of amnesia
 m - a scroll of fog {unknown}
 r - a scroll of poison {unknown}
Potions
 c - a potion of might
 d - a potion of cancellation
 e - a potion of heal wounds {unknown}
 f - a potion of haste {unknown}
 j - a potion of attraction {unknown}
 n - a potion of degeneration {unknown}
 p - 2 potions of flight {unknown}


   Skills:
 - Level 2.4 Fighting
 - Level 2.4 Dodging
 - Level 2.6 Shields
 + Level 8.6 Unarmed Combat


You had 6 spell levels left.
You didn't know any spells.
Your spell library contained the following spells:

 Spells                   Type           Power      Damage    Failure   Level
 Sandblast                Erth           0%         2d4       77%         1
 Passwall                 Tmut/Erth      0%         N/A       88%         2
 Ozocubu's Armour         Ice            0%         N/A       98%         3
 Stone Arrow              Conj/Erth      0%         3d7       98%         3
 Tukima's Dance           Hex            0%         N/A       98%         3
 Passage of Golubria      Tloc           0%         N/A       100%        4
 Petrify                  Tmut/Erth      0%         N/A       100%        4
 Metabolic Englaciation   Hex/Ice        0%         N/A       100%        5
 Yara's Violent Unravell  Hex/Tmut       0%         3d3       100%        5
 Statue Form              Tmut/Erth      0%         N/A       100%        6
 Ozocubu's Refrigeration  Ice            0%         4d7       100%        7


Dungeon Overview and Level Annotations

Branches:
Dungeon (5/15)
 Temple: D:4-7

Altars:
Makhleb
Uskayaw
Xom

Annotations:
D:4 Prince Ribbit
D:5 Eustachio


Innate Abilities, Weirdness & Mutations

You are too large for most types of armour.
You have claws for hands.
Your natural rate of healing is unusually fast.
You are covered in fur. (AC +1)
You have tough skin. (AC +1)


Message History

You completely miss Prince Ribbit.
Prince Ribbit is lightly wounded.
Prince Ribbit blinks!
Prince Ribbit hits you but does no damage.
Prince Ribbit blinks!
You scratch Prince Ribbit.
Prince Ribbit is lightly wounded.
You block Prince Ribbit's attack.
You mangle Prince Ribbit!!
Prince Ribbit is heavily wounded.
Prince Ribbit hits you! Prince Ribbit hits you.
You barely miss Prince Ribbit.
Prince Ribbit is heavily wounded.
Prince Ribbit hits you!
You miss Prince Ribbit.
Prince Ribbit is heavily wounded.
Prince Ribbit closely misses you.
Prince Ribbit hops awkwardly around.
Prince Ribbit hits you! Prince Ribbit attacks as you move away!
Prince Ribbit hits you.
* * * LOW HITPOINT WARNING * * *
Prince Ribbit blinks!
Things that are here:
a +0 ring mail; a +0 dagger You block Prince Ribbit's attack.
Prince Ribbit attacks as you move away! Prince Ribbit hits you!
* * * LOW HITPOINT WARNING * * *
You feel very mighty all of a sudden.
Prince Ribbit blinks!
Prince Ribbit blinks!
Prince Ribbit blinks!
You barely miss Prince Ribbit.
Prince Ribbit is heavily wounded.
Prince Ribbit hits you!!
* * * LOW HITPOINT WARNING * * *
You closely miss Prince Ribbit.
Prince Ribbit is heavily wounded.
Prince Ribbit blinks!
Prince Ribbit hits you!
You die...

#.#.# ####........# #.....
#.#.########...........# ######
#.#.#........##........## ##
#.#..#.#.#.#.#######....###### #.
..#..........## ####....).# #.
..†.#.#.#.#.#.##############.###.
.†............+.................[
##.#.#.#.#.#.#.#.###########.....
##.............#@# #####.
#.#.#.#.#.#.#.#F.# ##
##...............# #####
#.#.#.#.#.#.#..## #....
##...........#.# #....
#.#.#.#.#.#.#.# #....
##............# #####
#.#.#.#.#..### ##.........#


You could see Prince Ribbit.

Vanquished Creatures
  Sigmund (D:3)
  An ogre (D:4)
  A scorpion (D:3)
  3 iron imps (D:4)
  Jessica (D:2)
  Natasha (thrice) (D:2)
  2 orc wizards (D:5)
  Robin (D:2)
  8 adders
  A white imp (D:5)
  2 ufetubi
  A dart slug (D:3)
  8 orcs
  9 ball pythons
  7 bats
  5 endoplasms
  10 giant cockroaches
  14 goblins
  8 hobgoblins
  3 jackals
  6 quokkas
  7 kobolds
  10 rats
112 creatures vanquished.

Notes
Turn   | Place    | Note
-------+----------+-------------------------------------------
     0 | D:1      | groovy9 the Troll Fighter began the quest for the Orb.
     0 | D:1      | Reached XP level 1. HP: 22/22 MP: 0/0
    81 | D:1      | Reached XP level 2. HP: 29/29 MP: 1/1
   153 | D:1      | Reached skill level 3 in Unarmed Combat
   325 | D:1      | Reached XP level 3. HP: 36/36 MP: 2/2
   423 | D:1      | Found a faded altar of an unknown god.
   853 | D:2      | Reached skill level 4 in Unarmed Combat
   855 | D:2      | Noticed Robin
   866 | D:2      | Killed Robin
   884 | D:2      | Reached XP level 4. HP: 36/44 MP: 3/3
   969 | D:2      | Noticed Jessica
   985 | D:2      | Killed Jessica
  1010 | D:2      | Noticed Natasha
  1015 | D:2      | Killed Natasha
  1016 | D:2      | Reached skill level 5 in Unarmed Combat
  1104 | D:2      | Noticed Natasha
  1113 | D:2      | Reached XP level 5. HP: 29/50 MP: 4/4
  1116 | D:2      | Killed Natasha
  1214 | D:2      | Noticed Natasha
  1226 | D:2      | Killed Natasha
  1440 | D:3      | Reached skill level 6 in Unarmed Combat
  1553 | D:3      | Found a shimmering altar of Xom.
  1704 | D:3      | Noticed Sigmund
  1718 | D:3      | Killed Sigmund
  1719 | D:3      | Reached skill level 7 in Unarmed Combat
  1719 | D:3      | Reached XP level 6. HP: 56/59 MP: 5/5
  2215 | D:4      | Found a burning altar of Makhleb.
  2234 | D:4      | Reached XP level 7. HP: 64/66 MP: 6/6
  2242 | D:4      | Reached skill level 8 in Unarmed Combat
  2445 | D:4      | Identified the ring "Linuyha" {rN+ Will+ MP+9}
  2659 | D:5      | Entered Level 5 of the Dungeon
  2718 | D:5      | Found a hide-covered altar of Uskayaw.
  2721 | D:5      | Noticed Eustachio
  2723 | D:5      | Noticed Prince Ribbit
  2857 | D:4      | Slain by Prince Ribbit

Illustrated notes

Levels and vault maps discovered:
D:1:      minmay_arrival_jagged, layout_loops_ring,
          shapermc_ecumenical_altar_mp_highgroup,
          minmay_misc_feat_secret_circle, minmay_ruptured
D:2:      minmay_alternating_diamond, layout_rooms, minmay_misc_feat_encased,
          uniq_robin, uniq_natasha, uniq_jessica
D:3:      layout_basic, lemuel_coloured_pillars_altar, uniq_sigmund
D:4:      layout_basic, demons_altar, hex_medium
D:5:      layout_basic, nicolae_qazlal_eye_of_the_storm, old_standard_altar,
          mainiacjoe_overflow_tiny_flanked, uniq_eustachio, uniq_prince_ribbit1

Skill      XL: |  1  2  3  4  5  6  7 |
---------------+----------------------+-----
Unarmed Combat | 3 4 5 7 8 |  8.6
Fighting       | |  2.4
Dodging        | |  2.4
Shields        | |  2.6

Action                   |  1- 3 |  4- 6 |  7- 9 || total
-------------------------+-------+-------+-------++-------
Melee: Unarmed           |   112 |   132 |    51 ||   295
  Use: Scroll            |     2 |     3 |     3 ||     8
       Potion            |       |     1 |     1 ||     2
 Stab: Sleeping          |     1 |     1 |       ||     2
Armor: Robe              |    54 |    35 |    10 ||    99
Dodge: Dodged            |    54 |    41 |    15 ||   110
Block: Kite shield       |    51 |    41 |    16 ||   108
